AoeStats
← alix

Arabia

503130305Analyzed
1v1 RM · 1mo ago on Aug 30, 2026· 38m 50s· 2 players
Game mode
Random Map
Map size
Tiny (2 player)
Population
200
Speed
Normal
Resources
Standard
Victory
Conquest
Starting age
Dark Age
Ending age
Imperial Age
RankedLock teamsTeams togetherTeam positionsShared explorationLock speedFull tech treeHidden civsTurbo modeCheats
Victory
Defeat
🇩🇪 Magyars · Germany
1801
+15
1777
-15
14' screen laptop kboard & wifi
6:45 Loom
11:04 Feudal Age
12:04 Double-Bit Axe
17:49 Fletching
21:40 Castle Age
19:54 Horse Collar
20:36 Padded Archer Armor
21:47 Elite Skirmisher
22:23 Bodkin Arrow
23:44 Wheelbarrow
23:24 Bow Saw
22:54 Crossbowman
28:40 Wheelbarrow
29:39 Town Watch
30:06 Gold Mining
34:44 Imperial Age
34:03 Hand Cart
34:36 Bloodlines
34:27 Husbandry
35:07 Heavy Plow
35:22 Scale Barding Armor
35:28 Forging
36:33 Chain Barding Armor
39:01 Plate Barding Armor
alix
6:07 Loom
8:30 Feudal Age
9:51 Double-Bit Axe
10:19 Horse Collar
20:02 Castle Age
20:42 Fletching
21:09 Padded Archer Armor
22:34 Gold Mining
22:56 Bow Saw
23:29 Bodkin Arrow
32:29 Wheelbarrow
31:41 Town Watch
36:33 Imperial Age
34:23 Bloodlines
34:13 Husbandry
34:40 Heavy Plow
35:10 Stone Mining
35:26 Scale Barding Armor
35:22 Husbandry
36:48 Chain Barding Armor
36:51 Cavalier
38:22 Masonry
38:58 Plate Barding Armor
Connection lost

Rejoining the realm…

Still unreachable

The connection could not be restored.

Session expired

The server has moved on; the page needs a fresh start.